 Dungeon Crawl Stone Soup version 0.14.2 (webtiles) character file.

3263 Grimoiregrey the Basher (level 9, -2/83 HPs)
             Began as a Minotaur Fighter on Jan 20, 2018.
             Was a Follower of Okawaru.
             Slain by an orc
             ... wielding a +2,+0 trident
              (3 damage)
             ... on Level 8 of the Dungeon.
             The game lasted 01:02:14 (7685 turns).

Grimoiregrey the Basher (Minotaur Fighter)          Turns: 7685, Time: 01:02:15

HP  -2/83        AC 13     Str 27      XL: 9   Next: 52%
MP   4/4         EV  6     Int  6      God: Okawaru [*.....]
Gold 293         SH 20     Dex 11      Spells:  0 memorised,  8 levels left

rFire  . . .     SeeInvis .     t - +1,+0 whip (elec)
rCold  . . .     Clarity  .     A - +0 chain mail
rNeg   . . .     Conserve .     c - +0 shield
rPois  .         rCorr    .     (helmet restricted)
rElec  .         rRot     .     D - +0 cloak
SustAb . .       Spirit   .     F - +0 pair of gloves
rMut   .         Warding  .     y - +1 pair of boots
Saprov . . .     Stasis   .     (no amulet)
MR     .....                    (no ring)
                                (no ring)

@: mighty, not resistant to hostile enchantments, extremely unstealthy
A: retaliatory headbutt, horns 2
a: Heroism, Renounce Religion


You were on level 8 of the Dungeon.
You worshipped Okawaru.
Okawaru was aware of your devotion.
You were hungry.

You visited 2 branches of the dungeon, and saw 9 of its levels.
You also visited: Ossuary.

You collected 293 gold pieces.

Inventory:

Hand weapons
 a - a +0,+0 flail
 k - a +0,+0 whip
 s - a +0,+0 flail
 t - a +1,+0 whip of electrocution (weapon)
 B - a +0,+0 mace
 G - a cursed -2,+0 crossbow
Armour
 b - a +0 scale mail
 c - a +0 shield (worn)
 y - a +1 pair of boots (worn)
 A - a +0 chain mail (worn)
 D - a +0 cloak (worn)
 F - a +0 pair of gloves (worn)
Magical devices
 n - a wand of disintegration (11)
 v - a wand of teleportation (1)
 w - a wand of disintegration (14)
Comestibles
 d - 4 bread rations
 j - 2 chokos
 o - 2 cheeses
Scrolls
 h - a scroll of fear
 m - a scroll of amnesia
 p - 4 scrolls of identify
 q - a scroll of immolation
 r - a scroll of fog
 u - a scroll of recharging
 I - a scroll of blinking
 J - a scroll of enchant armour
Potions
 f - a potion of restore abilities {unknown}
 g - 2 potions of curing {unknown}
 l - a potion of berserk rage {unknown}
 H - a potion of brilliance
 K - a potion of confusion {unknown}
Books
 i - a book of Frost

   Spells                             Type                      Level
   Freeze                             Ice                          1
   Throw Frost                        Conjuration/Ice              2
   Ozocubu's Armour                   Charms/Ice                   3
   Throw Icicle                       Conjuration/Ice              4
   Summon Ice Beast                   Ice/Summoning                4
   Condensation Shield                Ice                          4
Rods
 z - a -2 rod of ignition (9/9)
   (You found it on level 4 of the Dungeon)


   Skills:
 * Level 9.1 Fighting
 + Level 13.0 Maces & Flails
 - Level 4.0 Armour
 - Level 0.7 Dodging
 - Level 4.1 Shields


You had 8 spell levels left.
You didn't know any spells.

Dungeon Overview and Level Annotations

Branches:
Dungeon (8/15)             Temple (1/1) D:6
   Lair: D:8-11

Altars:
Ashenzari
Cheibriados
Dithmenos
Elyvilon
Kikubaaqudgha
Makhleb
Nemelex Xobeh
Okawaru
Sif Muna
Trog
Vehumet
Xom
Yredelemnul
Zin
The Shining One

Annotations:
D:3 Terence


Innate Abilities, Weirdness & Mutations

You reflexively headbutt those who attack you in melee.
You have a pair of horns on your head.


Message History

You block the orc warrior's attack.
You closely miss the orc warrior. Your headbutt misses the orc warrior.
The orc warrior is heavily wounded.
You block its attack. The orc hits you but does no damage.
You closely miss the orc warrior.
The orc warrior is heavily wounded.
You block the orc warrior's attack.
You whack the orc warrior! You headbutt the orc warrior.
The orc warrior is almost dead.
You hear some strange, mumbled words.
You block the puff of flame. The orc hits you but does no damage.
You barely miss the orc warrior.
The orc warrior is almost dead.
The orc warrior hits you but does no damage.
Something hits you.
* * * LOW HITPOINT WARNING * * *
You hit the orc warrior. Your headbutt misses the orc warrior.
The orc warrior is almost dead.
The orc hits you with a trident.
You die...

### ######### ...<
#############...@o..#......
.................o.........
###.#..............)#......
....................# ....
..#.#........##.##### ..
..#.###########.# ..#.# #.#
..... #.# ..#.# #.#


You could see an orc warrior and an orc.

Vanquished Creatures
  Pikel (D:8)
  A hill giant zombie (D:8)
  A hippogriff (D:7)
  A slave (D:8)
  2 black bears
  A phantom (D:7)
  A sky beast (D:7)
  An orc warrior (D:7)
  An ice beast (D:7)
  A centaur (D:6)
  4 ogres
  A big kobold (D:7)
  4 elf zombies (Ossuary)
  A wight (D:7)
  A hippogriff skeleton (D:6)
  4 crimson imps
  3 human zombies (Ossuary)
  4 orc priests
  3 hounds
  A giant frog skeleton (D:5)
  An orc wizard (D:6)
  A centaur skeleton (D:7)
  Ijyb (D:4)
  2 hound zombies (Ossuary)
  3 mummies (Ossuary)
  12 adders
  5 worms
  6 adder zombies (Ossuary)
  An adder skeleton (D:4)
  A giant eyeball (D:4)
  4 giant geckos
  22 orcs
  2 ball pythons (D:2)
  2 bat skeletons (D:4)
  9 goblins
  8 hobgoblins
  2 jackals (D:6)
  15 kobolds
  2 quokkas
  10 bats
  3 giant cockroaches
  8 giant newts
  A giant spore (D:5)
  A gnoll zombie (Ossuary)
  2 goblin zombies (Ossuary)
  2 hobgoblin zombies (Ossuary)
  7 jackal zombies
  2 kobold zombies (Ossuary)
  2 orc zombies (Ossuary)
  A quokka skeleton (D:6)
  3 quokka zombies (Ossuary)
  7 rats
  A rat zombie (Ossuary)
186 creatures vanquished.

Vanquished Creatures (others)
  A giant frog (D:8)
  A giant spore (D:5)
  A kobold (D:7)
3 creatures vanquished.

Grand Total: 189 creatures vanquished

Notes
Turn   | Place    | Note
--------------------------------------------------------------
     0 | D:1      | Grimoiregrey, the Minotaur Fighter, began the quest for the Orb.
     0 | D:1      | Reached XP level 1. HP: 19/19 MP: 1/1
   219 | D:1      | Reached XP level 2. HP: 21/27 MP: 1/1
   686 | D:2      | Reached skill level 4 in Armour
   806 | D:2      | Reached XP level 3. HP: 29/33 MP: 2/2
  1659 | D:2      | Reached XP level 4. HP: 38/40 MP: 2/2
  1728 | D:3      | Noticed a black bear
  1747 | D:3      | Killed a black bear
  1747 | D:3      | Reached skill level 5 in Maces & Flails
  1747 | D:3      | Reached XP level 5. HP: 44/46 MP: 2/2
  1862 | D:3      | Reached skill level 6 in Maces & Flails
  2400 | D:3      | Noticed Terence
  2400 | D:3      | Noticed Ijyb
  2503 | D:4      | Killed Ijyb
  2929 | D:4      | Reached XP level 6. HP: 49/52 MP: 3/3
  3024 | D:4      | Noticed an ogre
  3039 | D:4      | Killed an ogre
  3039 | D:4      | Reached skill level 7 in Maces & Flails
  3342 | D:4      | Noticed an ogre
  3350 | D:4      | Killed an ogre
  3350 | D:4      | Reached skill level 8 in Maces & Flails
  3423 | D:5      | Entered Level 5 of the Dungeon
  3483 | D:4      | Found a glowing silver altar of Zin.
  3484 | D:4      | Found a glowing golden altar of the Shining One.
  3486 | D:4      | Found a white marble altar of Elyvilon.
  3578 | D:4      | Paralysed by a giant eyeball for 4 turns
  4241 | D:6      | Reached XP level 7. HP: 18/59 MP: 3/3
  4273 | D:6      | Reached skill level 9 in Maces & Flails
  4363 | D:6      | Got an encrusted trident
  4826 | D:6      | Found a sand-covered staircase.
  4894 | Ossuary  | Entered an ossuary
  4936 | Ossuary  | Reached skill level 10 in Maces & Flails
  5238 | Ossuary  | Reached XP level 8. HP: 66/66 MP: 3/3
  5393 | Ossuary  | Reached skill level 5 in Fighting
  5393 | Ossuary  | Reached skill level 11 in Maces & Flails
  5791 | D:6      | Found a staircase to the Ecumenical Temple.
  5813 | Temple   | Entered the Ecumenical Temple
  5975 | Temple   | Became a worshipper of Warmaster Okawaru
  6927 | D:7      | Reached skill level 12 in Maces & Flails
  6991 | D:7      | Acquired Okawaru's first power
  6991 | D:7      | Reached XP level 9. HP: 68/79 MP: 4/4
  7443 | D:8      | Noticed Pikel
  7465 | D:8      | Killed Pikel
  7675 | D:8      | Reached skill level 13 in Maces & Flails
  7684 | D:8      | HP: 1/83 [something (5)]
  7685 | D:8      | Slain by an orc

Action                   |  1- 3 |  4- 6 |  7- 9 || total
-------------------------+-------+-------+-------++-------
Melee: Flail             |    93 |   156 |   412 ||   661
       Whip              |       |       |    38 ||    38
Evoke: Wand              |       |       |     1 ||     1
  Use: Potion            |       |     1 |     7 ||     8
       Scroll            |       |     9 |     3 ||    12
